 Dungeon Crawl Stone Soup version 0.20.1-1-g8b1a95d (webtiles) character file.

178844 manyhoops the Brawler (level 17, -1/139 HPs)
             Began as a Grey Draconian Monk on July 10, 2017.
             Was the Champion of Lugonu.
             Slain by an entropy weaver (4 damage)
             ... while paralysed by a hornet
             ... on level 2 of the Spider Nest on July 11, 2017.
             The game lasted 01:17:25 (25877 turns).

manyhoops the Brawler (Grey Draconian Monk)        Turns: 25877, Time: 01:17:29

Health: -1/139     AC:  0    Str: 19    XL:     17   Next: 59%
Magic:  0/35       EV:  2    Int: 13    God:    Lugonu [******]
Gold:   721        SH:  0    Dex: 18    Spells: 9/28 levels left

rFire    + . .     SeeInvis .     - Unarmed
rCold    . . .     Gourm    .   (no shield)
rNeg     . . .     Faith    .   (armour unavailable)
rPois    .         Spirit   +   I - +2 hat
rElec    .         Reflect  .   e - +2 cloak
rCorr    .         Harm     .   v - +0 pair of fencer's gloves {+Riposte Dex+3}
MR       +....                  (no boots)
Stlth    ++........             B - amulet of Awaluah {Spirit MP+9}
Regen    1.2/turn               R - ring of Rosoerac {+Fly Slay+6}
MPRegen  0.3/turn               k - ring of wizardry

@: paralysed, lethally poisoned (-1 -> -31), corroded, studying Evocations
A: walk through water, unfitting armour, blink, fire resistance 1, regeneration
2, strong 1, unbreathing, cold-blooded, AC +14
a: Blink, Depart the Abyss, Bend Space, Banish, Corrupt, Enter the Abyss, Brand
Weapon With Distortion, Renounce Religion, Evoke Flight


You were on level 2 of the Spider Nest.
You worshipped Lugonu.
Lugonu was exalted by your worship.
You were not hungry.

You visited 4 branches of the dungeon, and saw 25 of its levels.
You also visited: Labyrinth and Volcano.

You collected 3189 gold pieces.
You spent 2468 gold pieces at shops.

Inventory:

Missiles
 K - 3 throwing nets (quivered)
Armour
 e - a +2 cloak (worn)
 f - a +0 hat of see invisible
 m - a scarf of cloud immunity
 v - the +0 pair of fencer's gloves (worn) {+Riposte Dex+3}
   (You acquired it on level 5 of the Dungeon)

   It affects your dexterity (+3).
 I - a +2 hat (worn)
Jewellery
 d - an uncursed ring of ice
 h - an uncursed ring of resist corrosion
 k - a ring of wizardry (right hand)
 q - an uncursed ring of protection from magic
 u - an uncursed ring of protection from fire
 B - the amulet of Awaluah (around neck) {Spirit MP+9}
   (You acquired it on level 7 of the Dungeon)

   [amulet of guardian spirit]

   It causes incoming damage to be split between your health and magic.
   It affects your magic capacity (+9).
 E - the ring of Ebeolept {rPois rF+ MR- Stlth-}
   (You found it on level 8 of the Dungeon)

   [ring of loudness]

   It protects you from fire.
   It protects you from poison.
   It affects your resistance to hostile enchantments.
   It makes you less stealthy.
 F - the ring "Zozav" {rElec rPois rN+ Int+2 Stlth+}
   (You found it on level 15 of the Dungeon)

   [ring of stealth]

   It affects your intelligence (+2).
   It insulates you from electricity.
   It protects you from poison.
   It protects you from negative energy.
   It makes you more stealthy.
 R - the ring of Rosoerac (left hand) {+Fly Slay+6}
   (You found it on level 15 of the Dungeon)

   [ring of flight]

   It affects your accuracy and damage with ranged weapons and melee attacks
   (+6).
   It lets you fly.
 V - the ring "Raqil" {rPois rC+}
   (You found it on level 15 of the Dungeon)

   [ring of poison resistance]

   It protects you from cold.
   It protects you from poison.
 X - a +4 ring of intelligence
 Y - an uncursed ring of protection from fire
Wands
 b - a wand of iceblast (9/15)
 y - a wand of disintegration (11/24)
 D - a wand of lightning (10/15)
 M - a wand of iceblast (2/15)
 S - a wand of flame (22/48)
 W - a wand of iceblast (6/15)
Scrolls
 a - a scroll of torment
 g - 10 scrolls of remove curse
 l - 8 scrolls of teleportation
 o - 4 scrolls of immolation
 s - a scroll of identify
 t - 8 scrolls of fog
 A - a scroll of recharging
 L - a scroll of silence
 N - a scroll of summoning
 P - a scroll of fear
Potions
 c - a potion of resistance
 i - 6 potions of heal wounds
 j - 6 potions of curing
 r - 5 potions of brilliance
 w - a potion of might
 x - a potion of agility
 C - 2 potions of cancellation
 H - 3 potions of ambrosia
 O - a potion of magic
 U - a potion of invisibility
 Z - 2 potions of haste
Books
 G - a book of Maledictions

   Spells                             Type                      Level
   a - Corona                         Hexes                        1
   b - Ensorcelled Hibernation        Hexes/Ice                    2
   c - Confuse                        Hexes                        3
   d - Tukima's Dance                 Hexes                        3
   e - Dazzling Spray                 Conjuration/Hexes            3
 J - a manual of Evocations
Miscellaneous
 n - a lamp of fire
 Q - a crystal ball of energy
 T - a fan of gales
Comestibles
 p - 3 bread rations
 z - 14 meat rations


   Skills:
 - Level 9.9 Fighting
   Level 3.0 Long Blades
 - Level 11.4 Dodging
 - Level 1.7 Stealth
 - Level 16.7 Unarmed Combat
 - Level 6.0 Spellcasting
 + Level 14.4 Transmutations
 - Level 10.0 Earth Magic
 - Level 8.8 Invocations
 - Level 10.8 Evocations


You had 9 spell levels left.
You knew the following spells:

 Your Spells              Type           Power        Failure   Level  Hunger
a - Dragon Form           Tmut           #####.....   16%         7    #######
b - Statue Form           Tmut/Erth      #####....    7%          6    #######
c - Hydra Form            Tmut           #####.....   2%          6    #######


Dungeon Overview and Level Annotations

Branches:
Dungeon (15/15)            Temple (0/1) D:6            Lair (6/6) D:9
 Shoals (0/4) Lair:3       Spider (2/4) Lair:3        Slime (0/5) Lair:5
    Orc (2/2) D:10            Elf (0/3) Orc:2        Vaults (0/5) D:13
 Depths (0/5) D:15

Altars:
Elyvilon
Fedhas
Hepliaklqana
Makhleb
Okawaru
Uskayaw
Yredelemnul
Zin
The Shining One
Beogh
Jiyva
Lugonu

Shops:
D:7 ?   D:8 =   Orc:2 :}*?

Annotations:
D:12 2 runed doors


Innate Abilities, Weirdness & Mutations

You can walk through water.
Your dull iron-grey scales are very hard. (AC +14)
You cannot fit into any form of body armour.
You can survive without breathing.
You are cold-blooded and may be slowed by cold attacks.
You can translocate small distances at will.
Your flesh is heat resistant. (rF+)
You heal very quickly.
Your muscles are strong. (Str +2)


Message History

The redback bites you! The hornet completely misses you.
You riposte.
You punch the hornet!
The hornet is almost dead.
There is a stone staircase leading up, spattered with blood here.
The redback bites you! The hornet stings you.
You are more poisoned.
You suddenly lose the ability to move!
You feel sick. The redback bites you!
* * * LOW HITPOINT WARNING * * *
You are more poisoned.
The redback poisons you! The hornet stings you!
* * * LOW HITPOINT WARNING * * *
You shrug off the repeated paralysis!
The entropy weaver hits you!
* * * LOW HITPOINT WARNING * * *
The entropy weaver hits you!
* * * LOW HITPOINT WARNING * * *
The entropy weaver hits you!
* * * LOW HITPOINT WARNING * * *
The entropy weaver hits you.
You die...

###### ### ##..#....^......
#≈≈#.## #≈###...............
#.....# ###≈≈###......#.......
##.....###≈≈≈≈###..†....#.^....
#≈.....##.#≈≈#≈≈##††...#.......
#≈≈^....^.#..≈≈.#..............
##≈≈.................#.........
###...........y.#.............
#......#...@s....^...^#.....
####≈.......a(..#...#.......
#≈≈..#.....^...(.........
#≈≈≈.......s...#.....#..#
##≈≈#..........#.........
##≈≈...........>.........
#≈≈##.....#..............
#####≈.....#...##........
##...#......#.......†


You could see an entropy weaver, an orb spider, a hornet and a redback.

Vanquished Creatures
  Rupert (Lair:4)
  2 frost giants (D:15)
  A ghost moth (Spider:1)
  An emperor scorpion (Spider:1)
  2 entropy weavers (Spider:1)
  Nessos (Lair:4)
  Azrael (D:14)
  Snorg (Lair:3)
  An ettin (D:15)
  A fire dragon (Lair:6)
  A minotaur (Lab)
  3 ogre magi
  A yaktaur captain (D:13)
  Harold (Lair:2)
  A rakshasa (D:15)
  4 vault guards (D:15)
  Erolcha (D:9)
  6 centaur warriors
  A catoblepas (Lair:6)
  A death knight (D:14)
  5 hydras
  12 two-headed ogres
  5 death yaks
  2 tengu warriors (D:15)
  The ghost of CondimentKing the Grappler, a journeyman VSFi of Makhleb (Volcano)
  Nergalle (Lair:3)
  4 orc high priests
  A hell knight (Volcano)
  A fire crab (Lair:6)
  A salamander mystic (Volcano)
  4 unseen horrors
  2 skeletal warriors
  An orange crystal statue (D:12)
  6 orc knights
  A harpy (shapeshifter) (D:15)
  4 deep elf magi
  A harpy (Lair:3)
  2 orb spiders
  An oklob plant (Lair:6)
  2 ugly things
  The ghost of gobwax the Carver, a novice BaFi of Cheibriados (D:5)
  4 orc sorcerers
  A manticore (D:12)
  17 wolf spiders
  5 cyclopes
  2 centaur zombies
  4 salamanders (Volcano)
  Joseph (Lair:1)
  8 elephants
  7 black mambas
  2 molten gargoyles (Lair:6)
  A torpor snail (Lair:5)
  3 gargoyles
  6 spiny frogs
  9 yaktaurs
  A rime drake (Lair:2)
  2 freezing wraiths
  2 efreet (D:15)
  10 komodo dragons
  A tengu conjurer (D:15)
  8 demonic crawlers
  7 trolls
  4 meliai
  9 jumping spiders
  3 polar bears
  7 slime creatures
  9 hippogriffs
  7 blink frogs
  The ghost of polve the Covert, an amateur KoBe of Trog (D:4)
  29 redbacks
  7 spriggans
  3 shadows
  3 fire elementals (D:14)
  13 tarantellas
  2 vampires
  4 wraiths
  8 basilisks
  54 yaks
  3 wyverns
  2 steam dragons
  4 hungry ghosts
  3 wargs
  A two-headed ogre zombie (D:10)
  2 acid dragons
  13 water moccasins
  4 hell hounds
  4 floating eyes (D:15)
  7 porcupines
  16 orc warriors
  5 ice beasts
  6 sky beasts
  2 hornet zombies
  A black bear (shapeshifter) (D:15)
  An eye of draining (D:14)
  2 necrophages
  4 phantoms
  16 ogres
  13 wolves
  8 boggarts
  17 centaurs
  12 crocodiles
  A big kobold (D:11)
  22 bullfrogs
  A wyvern zombie (D:10)
  7 scorpions
  11 killer bees (D:11)
  4 troll zombies (D:10)
  4 troll skeletons (Lab)
  6 wights
  3 howler monkeys
  2 electric eels
  2 spriggan skeletons (Lab)
  3 bullfrog zombies
  10 crimson imps
  5 lava snakes (Lair:6)
  2 quasits
  11 hounds
  A bullfrog skeleton (D:5)
  3 jellies
  13 orc priests
  6 centaur skeletons
  18 orc wizards
  3 iguanas
  15 worker ants
  3 ogre zombies (D:10)
  A hound zombie (D:6)
  A hound skeleton (D:14)
  A howler monkey zombie (D:7)
  3 worker ant zombies (D:8)
  A howler monkey skeleton (D:7)
  7 gnolls
  12 adders
  4 shadow imps
  3 oozes
  An adder zombie (D:6)
  2 adder skeletons
  3 worms
  2 dart slugs (D:2)
  8 leopard geckos
  86 orcs
  9 bats
  5 giant cockroaches
  4 goblins
  8 hobgoblins
  3 jackals (D:11)
  15 kobolds
  6 quokkas
  A ball python (D:3)
  5 frilled lizards
  3 goblin zombies (D:10)
  2 hobgoblin skeletons (D:10)
  4 hobgoblin zombies (D:10)
  A jackal zombie (D:7)
  A leopard gecko zombie (D:6)
  3 orc skeletons (D:10)
  13 orc zombies (D:10)
  7 rats
  3 fungi
884 creatures vanquished.

Vanquished Creatures (others)
  Fannar (Lair:3)
  2 yaks (D:9)
  6 fungi
  3 plants
12 creatures vanquished.

Grand Total: 896 creatures vanquished

Notes
Turn   | Place    | Note
-------+----------+-------------------------------------------
     0 | D:1      | manyhoops the Draconian Monk began the quest for the Orb.
     0 | D:1      | Reached XP level 1. HP: 19/19 MP: 1/1
   135 | D:1      | You fall through a shaft!
   146 | D:2      | Reached XP level 2. HP: 27/27 MP: 2/2
   479 | D:2      | Reached XP level 3. HP: 34/34 MP: 3/3
   543 | D:2      | Found an iron altar of Okawaru.
   660 | D:2      | Reached skill level 5 in Fighting
  1200 | D:1      | Reached XP level 4. HP: 36/42 MP: 4/4
  1479 | D:3      | Noticed an ogre
  1491 | D:3      | Gained mutation: You have sharp fingernails. [potion of mutation]
  1491 | D:3      | Gained mutation: Your muscles are strong. (Str +2) [potion of mutation]
  1491 | D:3      | Gained mutation: You have very sharp fingernails. [potion of mutation]
  1493 | D:3      | Killed an ogre
  1493 | D:3      | Reached XP level 5. HP: 12/51 MP: 5/5
  1659 | D:3      | Reached skill level 1 in Unarmed Combat
  1822 | D:3      | Reached skill level 2 in Unarmed Combat
  2026 | D:3      | Reached XP level 6. HP: 40/58 MP: 6/6
  2032 | D:3      | Reached skill level 3 in Unarmed Combat
  2286 | D:4      | Noticed polve's ghost (amateur KoBe)
  2302 | D:4      | Killed polve's ghost
  2302 | D:4      | Reached skill level 4 in Unarmed Combat
  2368 | D:4      | Reached skill level 5 in Unarmed Combat
  2672 | D:4      | Your scales start taking on a dull iron-grey colour.
  2672 | D:4      | Reached XP level 7. HP: 64/64 MP: 7/7
  2672 | D:4      | Gained mutation: You can survive without breathing. [Grey Draconian growth]
  3261 | D:4      | Reached skill level 6 in Unarmed Combat
  3317 | D:5      | Entered Level 5 of the Dungeon
  3453 | D:5      | Identified a scroll of acquirement
  3477 | D:5      | Found a blossoming altar of Fedhas.
  3968 | D:5      | Noticed gobwax's ghost (novice BaFi)
  3990 | D:5      | Killed gobwax's ghost
  3990 | D:5      | Reached skill level 8 in Unarmed Combat
  3990 | D:5      | Reached XP level 8. HP: 53/71 MP: 8/8
  4359 | D:6      | Reached skill level 9 in Unarmed Combat
  4786 | D:6      | Found a staircase to the Ecumenical Temple.
  4787 | D:6      | Found a faded altar of an unknown god.
  4954 | D:6      | Reached XP level 9. HP: 78/78 MP: 9/9
  4980 | D:6      | Became a worshipper of Lugonu the Unformed
  4980 | D:6      | Reached * piety under Lugonu
  4980 | D:6      | Reached ** piety under Lugonu
  4980 | D:6      | Reached *** piety under Lugonu
  5078 | D:7      | Found Ubem's Magic Scroll Boutique.
  5127 | D:7      | Reached skill level 10 in Unarmed Combat
  5326 | D:7      | Reached **** piety under Lugonu
  5426 | D:7      | Reached skill level 5 in Dodging
  5447 | D:7      | Found a hazy altar of Hepliaklqana.
  5544 | D:7      | Reached skill level 11 in Unarmed Combat
  6589 | D:8      | Got a crude marble ring
  6590 | D:8      | Identified the ring of Ebeolept {rPois rF+ MR- Stlth-} (You found it on level 8 of the Dungeon)
  6670 | D:8      | Reached XP level 10. HP: 84/84 MP: 10/10
  6766 | D:8      | Found Uteipif's Jewellery Boutique.
  6770 | D:8      | Bought a +2 amulet of reflection for 90 gold pieces
  7035 | D:9      | Found a staircase to the Lair.
  7248 | D:9      | Found a glowing silver altar of Zin.
  7529 | D:9      | Reached ***** piety under Lugonu
  7589 | D:9      | Found a glowing golden altar of the Shining One.
  7605 | D:9      | Found a basalt altar of Yredelemnul.
  7673 | D:9      | Noticed Erolcha
  7686 | D:9      | Killed Erolcha
  7686 | D:9      | Reached skill level 12 in Unarmed Combat
  7869 | D:9      | Noticed an angel
  7936 | Lair:1   | Entered Level 1 of the Lair of Beasts
  8147 | Lair:1   | Found a dark tunnel.
  8156 | Volcano  | Entered a volcano
  8163 | Volcano  | Noticed CondimentKing's ghost (journeyman VSFi)
  8169 | Volcano  | Noticed a salamander
  8169 | Volcano  | Killed CondimentKing's ghost
  8172 | Volcano  | Noticed a salamander
  8181 | Volcano  | Killed a salamander
  8181 | Volcano  | Reached XP level 11. HP: 35/91 MP: 11/11
  8199 | Volcano  | Reached skill level 13 in Unarmed Combat
  8354 | Volcano  | Noticed a hell knight
  8370 | Volcano  | Killed a hell knight
  8397 | Volcano  | Noticed a salamander mystic
  8414 | Volcano  | Killed a salamander mystic
  8898 | Lair:1   | Reached skill level 14 in Unarmed Combat
  9250 | Lair:1   | Noticed Harold
  9322 | Lair:1   | Noticed Joseph
  9344 | Lair:1   | Killed Joseph
  9349 | Lair:1   | Lost mutation: Your muscles are strong. (Str +2) [potion of mutation]
  9349 | Lair:1   | Lost mutation: You have very sharp fingernails. [potion of mutation]
  9349 | Lair:1   | Lost mutation: You have sharp fingernails. [potion of mutation]
  9349 | Lair:1   | Gained mutation: Your natural rate of healing is unusually fast. [potion of mutation]
  9349 | Lair:1   | Gained mutation: Scrolls take you a little longer to read. [potion of mutation]
  9349 | Lair:1   | Gained mutation: You have a pair of small horns on your head. [potion of mutation]
  9350 | Lair:1   | Lost mutation: Scrolls take you a little longer to read. [potion of mutation]
  9350 | Lair:1   | Lost mutation: You have a pair of small horns on your head. [potion of mutation]
  9350 | Lair:1   | Gained mutation: You are clumsy. (Dex -2) [potion of mutation]
  9350 | Lair:1   | Gained mutation: You have sharp toenails. [potion of mutation]
  9782 | Lair:1   | Reached skill level 15 in Unarmed Combat
  9793 | Lair:1   | Noticed a five-headed hydra
  9804 | Lair:1   | Killed a five-headed hydra
 10063 | Lair:2   | Reached XP level 12. HP: 94/97 MP: 12/12
 10129 | Lair:2   | Killed Harold
 10443 | Lair:2   | Reached skill level 16 in Unarmed Combat
 10810 | Lair:2   | Reached skill level 1 in Invocations
 11059 | Lair:3   | Noticed a death yak
 11059 | Lair:3   | Noticed a death yak
 11115 | Lair:3   | Noticed a death yak
 11120 | Lair:3   | Noticed a death yak
 11126 | Lair:2   | Killed a death yak
 11271 | Lair:3   | Found a staircase to the Shoals.
 11288 | Lair:3   | Reached skill level 5 in Invocations
 11351 | Lair:3   | Noticed a death yak
 11572 | D:7      | Bought a scroll of acquirement for 624 gold pieces
 11575 | D:7      | Got a warped pewter amulet
 11619 | D:7      | Identified the amulet of Awaluah {Spirit MP+9} (You acquired it on level 7 of the Dungeon)
 11833 | D:10     | Entered Level 10 of the Dungeon
 11833 | D:10     | Noticed a two-headed ogre
 11844 | D:9      | Killed a two-headed ogre
 11941 | D:10     | Found a staircase to the Orcish Mines.
 12415 | D:11     | Reached ****** piety under Lugonu
 12435 | D:11     | Reached XP level 13. HP: 78/105 MP: 18/18
 13771 | D:12     | Found a large runed door.
 13771 | D:12     | Found a large runed door.
 13788 | D:12     | Found a large runed door.
 13788 | D:12     | Found a large runed door.
 13852 | D:12     | Reached skill level 10 in Dodging
 14443 | D:13     | Found a basalt altar of Yredelemnul.
 14449 | D:13     | Found a gate to the Vaults.
 14590 | D:13     | Found a labyrinth entrance.
 14604 | Lab      | Entered a labyrinth
 14827 | Lab      | Noticed a minotaur
 14834 | Lab      | Killed a minotaur
 14871 | D:13     | Learned a level 7 spell: Dragon Form
 14916 | D:13     | Reached skill level 1 in Spellcasting
 14916 | D:13     | Reached skill level 1 in Transmutations
 15020 | D:13     | Found a glowing golden altar of the Shining One.
 15965 | D:14     | Reached XP level 14. HP: 76/114 MP: 17/20
 16092 | D:14     | Learned a level 6 spell: Statue Form
 16099 | D:14     | Learned a level 6 spell: Hydra Form
 16217 | D:14     | Noticed Azrael
 16228 | D:14     | Killed Azrael
 16228 | D:14     | Reached skill level 5 in Transmutations
 16379 | D:15     | Entered Level 15 of the Dungeon
 16401 | D:15     | Noticed a frost giant
 16423 | D:15     | Killed a frost giant
 16448 | D:15     | Paralysed by a floating eye for 4 turns
 16868 | D:15     | Found a burning altar of Makhleb.
 16938 | D:15     | Got a flickering brass ring
 16942 | D:15     | Identified the ring "Zozav" {rElec rPois rN+ Int+2 Stlth+} (You found it on level 15 of the Dungeon)
 17027 | D:15     | Reached skill level 10 in Transmutations
 17230 | D:15     | Got a glittering lapis lazuli ring
 17231 | D:15     | Identified the ring "Raqil" {rPois rC+} (You found it on level 15 of the Dungeon)
 17291 | D:15     | Noticed a frost giant
 17543 | D:15     | Got a steaming marble ring
 17596 | D:15     | Got an ancient arbalest
 17598 | D:15     | Identified the +5 arbalest of the Water Diviner {elec, rF++} (You took it off a vampire on level 15 of the Dungeon)
 17745 | D:15     | Identified the ring of Rosoerac {+Fly Slay+6} (You found it on level 15 of the Dungeon)
 17753 | D:15     | Found a glowing golden altar of the Shining One.
 17951 | D:15     | Gained mutation: Your flesh is heat resistant. (rF+) [mutagenic meat]
 17952 | D:15     | Lost mutation: You have sharp toenails. [mutagenic meat]
 18063 | D:15     | Reached XP level 15. HP: 58/121 MP: 15/21
 18111 | D:15     | Found a hide-covered altar of Uskayaw.
 18392 | D:15     | Killed a frost giant
 18393 | D:15     | Found a staircase to the Depths.
 18591 | Orc:1    | Entered Level 1 of the Orcish Mines
 18812 | Orc:1    | Reached skill level 5 in Spellcasting
 18824 | Orc:1    | Found a roughly hewn altar of Beogh.
 19017 | Orc:2    | Entered Level 2 of the Orcish Mines
 19151 | Orc:2    | Found a staircase to the Elven Halls.
 19518 | Orc:2    | Paralysed by an orc sorcerer for 4 turns
 20047 | Orc:2    | Found Dicopen's Book Shop.
 20047 | Orc:2    | Found Safouv's Magic Scroll Shoppe.
 20049 | Orc:2    | Found Zihyv's Gadget Shop.
 20049 | Orc:2    | Found Reanuqea's General Store.
 20060 | Orc:2    | Bought a scroll of teleportation for 39 gold pieces
 20060 | Orc:2    | Bought a scroll of teleportation for 39 gold pieces
 20069 | Orc:2    | Bought a scroll of acquirement for 572 gold pieces
 20115 | Orc:2    | Bought a manual of Evocations for 1104 gold pieces
 20366 | Lair:2   | Reached skill level 1 in Earth Magic
 20366 | Lair:2   | Reached skill level 1 in Evocations
 20658 | Lair:3   | Noticed Fannar
 20670 | Lair:3   | Killed Fannar
 20732 | Lair:3   | Noticed Snorg
 20747 | Lair:3   | Killed Snorg
 20818 | Lair:3   | Found a hole to the Spider Nest.
 20858 | Lair:3   | Noticed Nergalle
 20879 | Lair:3   | Killed Nergalle
 21369 | Lair:4   | Noticed Nessos
 21378 | Lair:4   | Killed Nessos
 21378 | Lair:4   | Reached skill level 5 in Evocations
 21678 | Lair:4   | Reached skill level 5 in Earth Magic
 21772 | Lair:4   | Noticed Rupert
 21798 | Lair:4   | Killed Rupert
 22281 | Lair:5   | Found a viscous altar of Jiyva.
 22281 | Lair:5   | Found a staircase to the Slime Pits.
 22281 | Lair:5   | You fall through a shaft!
 22281 | Lair:6   | Entered Level 6 of the Lair of Beasts
 22317 | Lair:6   | Found a white marble altar of Elyvilon.
 23127 | Lair:6   | Lost mutation: You are clumsy. (Dex -2) [potion of mutation]
 23127 | Lair:6   | Gained mutation: You can translocate small distances at will. [potion of mutation]
 23127 | Lair:6   | Gained mutation: Your muscles are strong. (Str +2) [potion of mutation]
 23127 | Lair:6   | Gained mutation: You heal very quickly. [potion of mutation]
 23481 | Lair:6   | Reached XP level 16. HP: 127/127 MP: 25/25
 23629 | Lair:6   | Reached skill level 10 in Evocations
 23729 | Lair:6   | Found a large runed door.
 23729 | Lair:6   | Found a large runed door.
 24245 | Spider:1 | Entered Level 1 of the Spider Nest
 24729 | Spider:1 | Reached skill level 10 in Earth Magic
 25146 | Spider:1 | Reached XP level 17. HP: 139/139 MP: 26/26
 25876 | Spider:2 | Paralysed by a hornet for 2 turns
 25877 | Spider:2 | HP: 3/139 [entropy weaver (10)]
 25877 | Spider:2 | Slain by an entropy weaver

Skill      XL: |  1  2  3  4  5  6  7  8  9 10 11 12 13 14 15 16 17 |
---------------+----------------------------------------------------+-----
Fighting       | 4 5 6 7 9 |  9.9
Unarmed Combat | 2 5 8 9 11 12 15 16 | 16.7
Dodging        | 3 4 6 9 11 | 11.4
Invocations    | 7 8 |  8.8
Spellcasting   | 4 6 |  6.0
Transmutations | 4 12 13 14 | 14.4
Earth Magic    | 7 10 | 10.0
Evocations     | 8 10 | 10.8
Long Blades    | |  3.0
Stealth        | |  1.7

Action                   |  1- 3 |  4- 6 |  7- 9 | 10-12 | 13-15 | 16-18 || total
-------------------------+-------+-------+-------+-------+-------+-------++-------
Melee: Falchion          |   105 |    48 |       |       |       |       ||   153
       Tailslap          |    25 |    22 |    73 |   174 |   309 |    83 ||   686
       Unarmed           |       |    89 |   353 |   690 |  1333 |   355 ||  2820
       Punch             |       |       |    17 |    85 |   194 |    47 ||   343
       Kick              |       |       |       |   175 |   450 |       ||   625
 Cast: Statue Form       |       |       |       |       |       |     2 ||     2
       Hydra Form        |       |       |       |       |       |     1 ||     1
Evoke: Wand              |       |     3 |     2 |    10 |     3 |       ||    18
  Use: Scroll            |     2 |     4 |    11 |    13 |    21 |     1 ||    52
       Potion            |     2 |     5 |     3 |    11 |     7 |     2 ||    30
 Stab: Sleeping          |     1 |     1 |    14 |     3 |    21 |     2 ||    42
       Invisible         |       |     2 |       |       |       |       ||     2
       Distracted        |       |       |     1 |     2 |     5 |     2 ||    10
  Eat: Chunk             |     1 |     5 |     9 |    19 |    16 |     1 ||    51
       Bread ration      |       |       |     1 |       |     3 |       ||     4
       Fruit             |       |       |       |     2 |     5 |       ||     7
       Meat ration       |       |       |       |       |     1 |       ||     1
       Royal jelly       |       |       |       |       |     1 |     2 ||     3
Armor: Skin              |    26 |    40 |   117 |   137 |   375 |   261 ||   956
Dodge: Dodged            |    90 |    90 |   193 |   486 |  1050 |   577 ||  2486
Block: Other             |       |       |       |    29 |       |       ||    29
       Reflection        |       |       |       |     1 |       |       ||     1
       Rpst.: Falchion   |    25 |     7 |       |       |       |       ||    32
       Unarmed           |       |       |    36 |   153 |   256 |    71 ||   516
